 Dungeon Crawl Stone Soup version 0.19-a0-965-g50bf062 (webtiles) character file.

63 Gottschkopf the Magician (level 3, -2/19 HPs)
             Began as a Deep Elf Fire Elementalist on July 12, 2016.
             Killed from afar by Gottschkopf's ghost (5 damage)
             ... with a magic dart
             ... on level 3 of the Dungeon.
             The game lasted 00:03:54 (1316 turns).

Gottschkopf the Magician (DEFE)                     Turns: 1316, Time: 00:03:54

Health: -2/19      AC:  3    Str:  5    XL:     3   Next: 89%
Magic:  4/12       EV: 13    Int: 20    God:
Gold:   58         SH:  0    Dex: 15    Spells: 3 memorised, 7 levels left

rFire  . . .     SeeInvis .     d - +0 dagger
rCold  . . .     Gourm    +     a - +0 robe
rNeg   . . .     Faith    .     (no shield)
rPois  .         Spirit   .     (no helmet)
rElec  .         Dismiss  .     (no cloak)
rCorr  .         Reflect  .     j - +0 pair of gloves
SustAt .         Harm     .     (no boots)
MR     .....                    p - amulet of the gourmand
Stlth  ++........               (no ring)
                                (no ring)

@: not resistant to hostile enchantments, unstealthy
A: no striking features
a: no special abilities


You were on level 3 of the Dungeon.
You were full.

You visited 1 branch of the dungeon, and saw 3 of its levels.

You collected 58 gold pieces.

Inventory:

Hand Weapons
 d - a +0 dagger (weapon)
Armour
 a - a +0 robe (worn)
 j - a +0 pair of gloves (worn)
Jewellery
 p - an amulet of the gourmand (around neck)
Scrolls
 e - 3 scrolls of random uselessness {unknown}
 f - 2 scrolls of identify {unknown}
 h - a scroll of teleportation {unknown}
 k - a scroll of fog {unknown}
 l - 2 scrolls of recharging {unknown}
 n - a scroll of magic mapping {unknown}
 q - a scroll of remove curse {unknown}
 r - a scroll of fear {unknown}
Potions
 i - 3 potions of ambrosia {unknown}
 o - a potion of haste {unknown}
Books
 b - a book of Flames

   Spells                             Type                      Level
   a - Flame Tongue                   Conjuration/Fire             1
   b - Throw Flame                    Conjuration/Fire             2
   c - Conjure Flame                  Conjuration/Fire             3
   d - Inner Flame                    Hexes/Fire                   3
   e - Sticky Flame                   Conjuration/Fire             4
   f - Fireball                       Conjuration/Fire             5
Comestibles
 c - a bread ration
 g - a meat ration
 m - a beef jerky


   Skills:
 - Level 2.4 Dodging
 - Level 2.4 Stealth
 + Level 5.8 Spellcasting
 - Level 1.1 Conjurations
 - Level 3.2 Fire Magic


You had 7 spell levels left.
You knew the following spells:

 Your Spells              Type           Power        Failure   Level  Hunger
a - Flame Tongue          Conj/Fire      ##...        4%          1    None
b - Throw Flame           Conj/Fire      ##....       10%         2    None
c - Conjure Flame         Conj/Fire      ##......     14%         3    ##.....


Dungeon Overview and Level Annotations

Branches:
Dungeon (3/15)

Altars:

Annotations:
D:3 Gottschkopf's ghost, amateur DECj


Message History

Press: ? - help, Shift-Dir - straight line, f/p - Gottschkopf's ghost
Aim: Gottschkopf's ghost (severely damaged)
The flame tongue hits Gottschkopf's ghost.
Gottschkopf's ghost resists.
Gottschkopf's ghost is severely damaged.
The bat closely misses you.
Gottschkopf's ghost completely misses you.
The kobold closely misses you.
Casting: Flame Tongue
Confirm with . or Enter, or press ? or * to list all spells.
Aiming: Flame Tongue
Press: ? - help, Shift-Dir - straight line, f/p - Gottschkopf's ghost
Aim: Gottschkopf's ghost (severely damaged)
The flame tongue misses Gottschkopf's ghost.
The bat hits you. Gottschkopf's ghost hits you. The kobold hits you.
* * * LOW HITPOINT WARNING * * *
The bat hits you but does no damage.
Gottschkopf's ghost casts a spell at you.
The magic dart hits you!
You die...

##.## ##...## #.
##.....## #. ##.......#
. #........#########.#
###
............#....#.#...
...........#....K.......
.........(......W#.#....
.##............b@.......
####.....#.####.....####
# #####.#.# #..%..# #
#.#.# ###...# # #.#.#
<.... ####### #.# ..####
...(... .. .## #######
.# ########


You could see Gottschkopf's ghost, a bat and a kobold.

Vanquished Creatures
  An adder (D:2)
  A worm (D:2)
  3 giant geckos
  3 giant cockroaches
  7 goblins
  5 hobgoblins
  2 jackals (D:1)
  6 kobolds
  A quokka (D:3)
  6 bats
  A giant newt (D:2)
  7 rats
43 creatures vanquished.

Notes
Turn   | Place    | Note
-------+----------+-------------------------------------------
     0 | D:1      | Gottschkopf the Deep Elf Fire Elementalist began the quest for the Orb.
     0 | D:1      | Reached XP level 1. HP: 10/10 MP: 6/6
   174 | D:1      | Reached skill level 4 in Spellcasting
   174 | D:1      | Reached XP level 2. HP: 12/15 MP: 2/9
   767 | D:2      | Found a faded altar of an unknown god.
   820 | D:2      | Reached XP level 3. HP: 18/19 MP: 8/11
   834 | D:2      | Reached skill level 5 in Spellcasting
   853 | D:2      | Learned a level 2 spell: Throw Flame
   857 | D:2      | Learned a level 3 spell: Conjure Flame
  1302 | D:3      | Noticed Gottschkopf's ghost (amateur DECj)
  1316 | D:3      | Killed from afar by Gottschkopf's ghost

Vault maps used:
D:1:      scummos_arrival_forest
D:2:      ecumenical_altar_2
D:3:      wad_river_or_something, first_bread, uniq_robin

Skill      XL: |  1  2  3 |
---------------+----------+-----
Spellcasting   | 4 5 |  5.8
Dodging        | |  2.4
Stealth        | |  2.4
Conjurations   | |  1.1
Fire Magic     | |  3.2

Action                   || total
-------------------------++-------
Melee: Dagger            ||     2
 Cast: Flame Tongue      ||    80
  Eat: Chunk             ||    13
Armor: Robe              ||     8
Dodge: Dodged            ||    34
